[Event "AUT Bundesliga 2021-22"]
[Site "Graz"]
[Date "2022.04.21"]
[Round "9.2"]
[White "Atlas, Valery"]
[Black "Nisipeanu, Liviu-Dieter"]
[Result "1/2-1/2"]
[ECO "C11"]
[WhiteElo "2423"]
[BlackElo "2652"]
[Annotator "TA"]
[PlyCount "74"]
[EventDate "2021.01.17"]
[EventType "team-tourn"]
[EventCountry "AUT"]
[SourceTitle "playchess.com"]
[Source "ChessBase"]
[SourceQuality "1"]
[TimeControl "40/5400+30:1800+30"]

1. e4 e6 2. d4 d5 3. Nc3 Nf6 4. e5 Nfd7 5. f4 c5 6. Nce2 Nc6 7. c3 Be7 8. Nf3 O-O 9. a3 {[%emt 0:04:42] C11: French: Classical System: 4 e5 and 4 Bg5 dxe4.} a5 10. g3 b5 11. Bh3 {[%emt 0:01:43] [#]} Qb6 $146 ({Predecessor:} 11... Ba6 12. O-O b4 13. Rf2 bxc3 14. bxc3 cxd4 15. cxd4 g6 16. g4 f5 17. gxf5 exf5 {½-½ (52) Quesada Perez,Y (2565)-Csonka,B (2498) Chess.com INT 2021}) 12. O-O Ba6 13. Rf2 (13. Kh1 $5 ) 13... b4 14. f5 bxc3 (14... cxd4 $1 $11 {keeps the balance.} 15. cxd4 f6 16. exf6 Nxf6) 15. bxc3 (15. fxe6 $16 {Nf4 is the strong threat.} cxd4 16. exd7) 15... cxd4 $15 16. cxd4 f6 {[%emt 0:03:49][%cal Rd7e5] aiming for ...Ndxe5!} (16... Ncxe5 $5 17. Nxe5 Nxe5 18. dxe5 Bc5 $11) 17. Nf4 fxe5 18. Nxe6 e4 19. Ne1 Rf7 20. Be3 Rb8 21. Ng2 Bc4 22. Bg4 Qb3 (22... Nf8 $15) 23. Bh5 (23. Bf4 $14) 23... Qxd1+ 24. Bxd1 Nf8 {[%emt 0:00:38] Threatens to win with ...Nxe6.} 25. Ba4 Rb6 26. Nc5 Bf6 27. Rd1 Rc7 {[%emt 0:05:26] [#]} ({Better is} 27... Be7 $14) 28. Nf4 (28. Nxe4 $1 $16 dxe4 29. d5) 28... Nxd4 $11 29. Nce6 (29. Nxe4 {looks sharper.} dxe4 30. Bxd4 Bxd4 31. Rxd4 Rb1+ 32. Kg2) 29... Rxe6 (29... Nfxe6 $2 30. fxe6 Rxe6 31. Bxd4 Bxd4 32. Rxd4 $18 (32. Nxe6 Bxf2+ 33. Kxf2 e3+ 34. Kg1 Rf7 $16)) 30. fxe6 (30. Bxd4 $11 Bxd4 31. fxe6 Bxf2+ 32. Kxf2) 30... Nfxe6 $15 {[%emt 0:00:54] Pair of Knights!} 31. Nxd5 Bxd5 32. Rxf6 {[%emt 0:00:06][%mdl 64] Remove Defender} gxf6 33. Bxd4 Nxd4 34. Rxd4 $11 {[%emt 0:00:04] KRB-KRB} Bb7 ({Black should play} 34... Bf7 $17) 35. Kf2 {[%emt 0:01:24] The position is equal.} Kf7 36. Rd7+ $1 Rxd7 37. Bxd7 Ke7 {[%emt 0:02:09] Weighted Error Value: White=0.22 (precise) /Black=0.24 (precise)} 1/2-1/2

[Event "AUT Bundesliga 2021-22"]
[Site "Graz"]
[Date "2022.04.21"]
[Round "9.3"]
[White "Donchenko, Alexander"]
[Black "Baenziger, Fabian"]
[Result "1/2-1/2"]
[ECO "D12"]
[WhiteElo "2636"]
[BlackElo "2418"]
[Annotator "TA"]
[PlyCount "79"]
[EventDate "2021.01.17"]
[EventType "team-tourn"]
[EventCountry "AUT"]
[SourceTitle "playchess.com"]
[Source "ChessBase"]
[SourceQuality "1"]
[TimeControl "40/5400+30:1800+30"]

1. d4 d5 2. c4 c6 3. Nf3 Nf6 4. e3 Bf5 5. Nc3 e6 6. Nh4 Bg6 7. Bd2 {[%emt 0:00:23] D12: Slav Defence: 3 Nf3 Nf6 4 e3 Bf5.} Nbd7 8. Be2 {[%emt 0:00:31] Prevents Bh5.} Bd6 {[%emt 0:00:28] 8...Be7 is not played anymore.} 9. Qb3 Rb8 10. Nxg6 hxg6 11. h4 {[%emt 0:02:09] [#]} dxc4 $146 ({Predecessor:} 11... Be7 12. cxd5 cxd5 13. g4 b5 14. a3 Kf8 15. g5 Ne8 16. e4 dxe4 17. Nxe4 Nb6 {½-½ (46) Zemlyanov,S (2378)-Pivinsky,E (2503) ICCF email 2019}) 12. Bxc4 b5 13. Be2 a6 14. Qc2 c5 15. a4 cxd4 16. exd4 Qc7 (16... bxa4 $11 17. Rxa4 a5) 17. axb5 $16 axb5 {[%emt 0:00:08] [#] Threatens to win with ...b4.} 18. Qd3 $1 Bb4 19. Nxb5 Bxd2+ 20. Qxd2 Qc6 (20... Qd8 $14) 21. Qc3 ({Much weaker is} 21. Qg5 $6 O-O $11) 21... Qxc3+ (21... Qxg2 $2 {[#]} 22. Bf3 $1 Qxh1+ 23. Bxh1 $18) 22. bxc3 e5 23. Rh3 {[%emt 0:04:06] And now dxe5 would win.} exd4 24. cxd4 O-O 25. Ra7 Nb6 26. Re3 (26. Rha3 $16) 26... Nbd5 $11 27. Re5 Rfc8 28. Kd2 Nb4 {[%emt 0:02:05] Pair of Knights! The position is equal.} 29. Rc7 {[%emt 0:15:41] Active counter play!} Rxc7 30. Nxc7 Nc6 31. Rb5 Rd8 32. d5 Nd4 33. Rb4 Nxe2 34. Kxe2 {[%emt 0:00:03][%mdl 4096] Endgame KRN-KRN} Rd7 35. Rb8+ Kh7 36. Nb5 {[%emt 0:00:19] Black must now prevent d6.} Rxd5 37. Nc3 Re5+ 38. Kd3 g5 39. hxg5 Rxg5 40. g3 {[%emt 0:00:00] Weighted Error Value: White=0.11 (very precise) /Black=0.09 (flawless)} 1/2-1/2

[Event "AUT Bundesliga 2021-22"]
[Site "Graz"]
[Date "2022.04.21"]
[Round "9.4"]
[White "Novkovic, Milan"]
[Black "Svane, Rasmus"]
[Result "0-1"]
[ECO "E54"]
[WhiteElo "2360"]
[BlackElo "2637"]
[Annotator "TA"]
[PlyCount "96"]
[EventDate "2021.01.17"]
[EventType "team-tourn"]
[EventCountry "AUT"]
[SourceTitle "playchess.com"]
[Source "ChessBase"]
[SourceQuality "1"]
[TimeControl "40/5400+30:1800+30"]

1. d4 Nf6 2. c4 e6 3. Nc3 Bb4 4. e3 O-O 5. Bd3 d5 6. Nf3 dxc4 7. Bxc4 c5 8. O-O cxd4 9. exd4 b6 10. Bg5 Bb7 11. Qe2 Nbd7 12. Rac1 Rc8 13. Ne5 {[%emt 0:08:01] E54: Nimzo-Indian: Rubinstein: Main Line: 7...dxc4 8 Bxc4.} h6 14. Bh4 (14. Nxd7 $11 Qxd7 15. Bxf6 gxf6 16. d5) 14... Nxe5 $15 15. dxe5 {[%emt 0:03:51] [#] Black is slightly better.} Qd4 $1 16. exf6 (16. Ba6 Bxa6) 16... Rxc4 17. fxg7 {[%emt 0:03:29] [#]} Qxg7 18. Bg3 Rfc8 {[%emt 0:00:23] [#]} 19. f3 $146 ({Predecessor:} 19. Rfd1 Bxc3 20. Rxc3 Rxc3 21. bxc3 Bd5 22. h3 Rxc3 23. Kh2 Qg5 24. Rd4 h5 25. Rh4 {½-½ (72) Nikolaevsky,Y-Levin,M Kiev 1962}) 19... h5 (19... Ba6 $15 20. Rcd1 Bxc3 21. bxc3 Qxc3) 20. Be5 $11 Qg5 21. Rcd1 (21. a3 $11 Bf8 22. Rcd1) 21... Ba6 $1 $15 {[%emt 0:02:51][%cal Rb4c3] A strong pair of Bishops.} 22. f4 Qg4 ({Black should play} 22... Qf5 $1 $15 23. Rfe1 f6) 23. Rf3 $11 Rxc3 $1 24. Qxa6 Rc1 (24... Rc2 $2 25. Rg3 Rc1 26. Rxg4+ $18) 25. Qe2 $132 {[%emt 0:02:33][%mdl 2048] Rg3 is the strong threat. White is fighting back} R8c2 26. Qxc2 Bc5+ 27. Kf1 $1 Rxc2 {[%emt 0:00:29] The board is on fire.} 28. Rd8+ Kh7 $1 29. Rh8+ Kg6 30. f5+ $1 Qxf5 31. Rg8+ Kh7 32. Rh8+ Kg6 33. Rg8+ Kh6 34. Rh8+ Kg5 {[%emt 0:01:35] ( -> ...Rf2+)} 35. Rg8+ Qg6 36. Rxg6+ fxg6 {[%emt 0:01:45][%mdl 4096] Endgame KRB-KRB} 37. Rf7 {[%emt 0:00:30] [#]} (37. b4 $11) 37... Be3 (37... h4 $1 $17 38. g3 h3) 38. Rxa7 $2 (38. Bd6 $11) 38... Rf2+ 39. Ke1 Rxg2 {[%emt 0:00:08] aiming for ...Kf5.} 40. Rf7 Kg4 (40... Bc1 $19 41. Kf1 Rc2) 41. Rf6 $2 (41. h3+ $1 $11 Kh4 42. Rf3) 41... g5 {[%emt 0:03:09] White must now prevent ...Bf4.} 42. Rxe6 $2 {[%emt 0:02:41][%mdl 8192] White does not recover from this.} (42. h3+ $17 Kh4 43. a4) 42... Kf5 $19 43. Re8 Bc1 $2 (43... Bf4 44. Bxf4 Kxf4) 44. Bc7 (44. a4) 44... Rxb2 (44... Bf4 $142 45. Rf8+ Ke4 46. Bxf4 gxf4) 45. a4 $2 (45. Re2 Rxe2+ 46. Kxe2) 45... Bf4 {[%emt 0:06:00] Black is clearly winning.} 46. Bxf4 (46. Rf8+ $142 Kg4 47. Bxf4 gxf4 48. h4) 46... Kxf4 47. Rb8 Rxh2 {[%emt 0:01:24] Strongly threatening ...h4.} 48. Rxb6 Ra2 {[%emt 0:00:16] Weighted Error Value: White=0.93/Black=0.44} 0-1

[Event "AUT Bundesliga 2021-22"]
[Site "Graz"]
[Date "2022.04.21"]
[Round "9.5"]
[White "Acs, Peter"]
[Black "Mundorf, Johannes"]
[Result "1-0"]
[ECO "C02"]
[WhiteElo "2591"]
[BlackElo "2253"]
[Annotator "TA"]
[PlyCount "51"]
[EventDate "2021.01.17"]
[EventType "team-tourn"]
[EventCountry "AUT"]
[SourceTitle "playchess.com"]
[Source "ChessBase"]
[SourceQuality "1"]
[TimeControl "40/5400+30:1800+30"]

1. e4 e6 2. d4 d5 3. e5 c5 4. c3 Nc6 5. Nf3 Bd7 6. Be2 Nge7 7. O-O cxd4 8. cxd4 Qb6 9. Nc3 Na5 {[%emt 0:06:01] C02: French: Advance Variation.} 10. Bd3 Rc8 11. Re1 Ng6 {[%emt 0:09:48] White is slightly better.} 12. h4 Bb4 {[%emt 0:01:53] [#]} (12... h6 $14) 13. Rb1 $146 (13. h5 $142) ({Predecessor:} 13. Bd2 Nxh4 14. Nxh4 Qxd4 15. Bg5 Bxc3 16. Nf3 Qb6 17. bxc3 Rxc3 18. Qe2 Nc6 19. Rab1 {0-1 (54) Wengler,J (1995)-Mayr,F (1990) Bayern 1999}) 13... Nc4 ({Black should play} 13... Ne7) 14. a3 Bxc3 (14... Be7 $16) 15. bxc3 $18 Qa5 16. Rxb7 Nb6 17. h5 Ne7 18. h6 gxh6 19. Qd2 (19. Bxh6 $18 {And now Ng5 would win.} Bc6 {[#]} 20. Rxe7+ $1 Kxe7 21. Ng5 Qxc3 22. Re3) 19... Ng8 $2 (19... Bc6 $16 20. Rxe7+ Kxe7) 20. Qf4 Qxc3 21. Bb5 {[%emt 0:03:40] Bd2 is the strong threat.} Ne7 $2 (21... Rc7) 22. Bd2 {[%emt 0:03:50] White is clearly winning.} Qxa3 {[%emt 0:00:02] [#]} 23. Bb4 $1 Qxb4 24. Bxd7+ {[%emt 0:00:22][%mdl 64] Pin} Kd8 25. Bxc8 Kxc8 26. Rxa7 {[%emt 0:00:25] Black got outplayed after the opening.  Weighted Error Value: White=0.23 (precise) /Black=0.50} 1-0

[Event "AUT Bundesliga 2021-22"]
[Site "Graz"]
[Date "2022.04.21"]
[Round "9.6"]
[White "Atlas, Dmitry"]
[Black "Boensch, Uwe"]
[Result "1/2-1/2"]
[ECO "B22"]
[WhiteElo "2232"]
[BlackElo "2494"]
[Annotator "TA"]
[PlyCount "61"]
[EventDate "2021.01.17"]
[EventType "team-tourn"]
[EventCountry "AUT"]
[SourceTitle "playchess.com"]
[Source "ChessBase"]
[SourceQuality "1"]
[TimeControl "40/5400+30:1800+30"]

1. e4 c5 2. c3 d5 3. exd5 Qxd5 4. d4 e6 5. Nf3 Nf6 6. Be2 Nc6 7. O-O cxd4 8. cxd4 Be7 9. Nc3 Qd6 10. Be3 O-O 11. Qb3 {[%emt 0:00:26] [#] B22: Sicilian: 2 c3.} Nd5 $146 ({Predecessor:} 11... b6 12. Rfd1 Bb7 13. Bg5 Rfd8 14. Bh4 Qb4 15. Qxb4 Nxb4 16. Rac1 Rac8 17. Ne5 Kf8 18. a3 Nbd5 19. Nxd5 Nxd5 {0-1 (57) Shkapenko,P (2421)-Panarin,M (2555) St Petersburg 2014}) 12. Nxd5 exd5 13. Rfd1 Rd8 14. Rac1 Bd7 15. Ne5 Be8 16. Bf4 {[%emt 0:03:26] [#] Threatens to win with Nxc6.} Qf6 17. Qg3 ({Much weaker is} 17. Qxb7 {[#]} Rab8 $1 18. Qa6 Rb6 19. Nxc6 Rxa6 20. Nxe7+ Kf8 $15) 17... Qh4 18. Nxc6 {[%emt 0:10:58] 0x0.002ceff46a05dp-1022s more active pieces.} (18. Qe3 $16) 18... Bxc6 $11 19. Qxh4 Bxh4 20. b4 a6 {[%emt 0:05:19] Inhibits b5.} 21. Bc7 Re8 22. Bf3 Bg5 23. Ra1 Ba4 24. Re1 Rxe1+ 25. Rxe1 Bd2 26. Re2 Bxb4 {[%emt 0:02:22] ...Rc8 is the strong threat.} 27. Bxd5 Rc8 28. Bf4 Rd8 (28... Bd6 $5 29. Be3 (29. Bxb7 $2 Rc7 $19) 29... Rc7 $11) 29. Bxb7 {[%emt 0:02:11] The position is equal.} Rxd4 {[%emt 0:00:55] ( -> ...Rd1+)} 30. g3 Bb5 31. Rc2 {[%emt 0:00:40] Weighted Error Value: White=0.11 (very precise) /Black=0.07 (flawless)} 1/2-1/2

[Event "AUT Bundesliga 2021-22"]
[Site "Graz"]
[Date "2022.04.21"]
[Round "9.7"]
[White "Dragnev, Valentin"]
[Black "Berkes, Ferenc"]
[Result "1-0"]
[ECO "C88"]
[WhiteElo "2533"]
[BlackElo "2660"]
[Annotator "TA"]
[PlyCount "89"]
[EventDate "2021.01.17"]
[EventType "team-tourn"]
[EventCountry "AUT"]
[SourceTitle "playchess.com"]
[Source "ChessBase"]
[SourceQuality "1"]
[TimeControl "40/5400+30:1800+30"]

1. e4 e5 2. Nf3 Nc6 3. Bb5 a6 4. Ba4 Nf6 5. O-O Be7 6. Re1 b5 7. Bb3 O-O 8. a4 Bb7 9. d3 d6 10. Nbd2 Nd7 {[%emt 0:01:25] is recently more successful than 10...Na5. C88: Closed Ruy Lopez: Anti-Marshall Systems.} 11. Nf1 Nc5 12. axb5 axb5 {[%emt 0:00:07] The position is equal.} 13. Rxa8 Qxa8 14. Bd5 Nd8 15. Bxb7 Qxb7 16. Ng3 Nde6 17. Nf5 Bf6 18. h4 b4 19. b3 {[%emt 0:00:33] [#]} Ra8 $146 ({Predecessor:} 19... g6 20. Nh6+ Kh8 21. Ng5 c6 22. Qf3 Qe7 23. Be3 Bxg5 24. hxg5 Nd4 25. Bxd4 exd4 {0-1 (74) Blohberger,F (2504)-Svane,R (2637) Terme Catez 2022}) 20. Nh2 Ra1 21. Qf3 Nd7 22. Ng4 Qa8 23. Kh2 h5 (23... Qd8 $15) 24. Ngh6+ $1 $11 gxh6 25. Nxh6+ Kf8 26. Qxh5 Nd8 27. Qg4 {[%emt 0:01:58][%mdl 1024] White threatens Qg8+ and mate. White has compensation.} (27. Qf5 $5 Qc6 28. Ng4 $11) 27... Ke8 {[%emt 0:01:00] Threatens to win with ...Qa2.} 28. h5 {[%emt 0:02:23] aiming for Rg1.} Qc6 29. Qg8+ Nf8 30. Ng4 Be7 31. h6 {[%emt 0:04:47] &Bianco is more active.} ({White should try} 31. Ne3 $1 $16) 31... Kd7 (31... Qxc2 $2 32. h7 $1 Rxc1 33. h8=Q $1 $18 ) 32. Ne3 {[%emt 0:11:06] Hoping for h7.} d5 $1 33. Ng4 Kc8 $2 (33... Qxc2 $11 34. h7 Nxh7 $1 35. Qxh7 Rxc1) 34. Bg5 $1 $18 {[%emt 0:01:25][%mdl 64] Discovered Attack} Rxe1 $2 (34... Bxg5 35. Rxa1 Bxh6) 35. Bxe7 Ng6 36. Qxd8+ Kb7 37. h7 {[%emt 0:00:37][%cal Og4e5] Strongly threatening Nxe5!} Qxc2 38. Qxd5+ Kb8 39. Qb5+ Kc8 {[%emt 0:00:56] [#]} 40. Qe8+ (40. Nxe5 $142 $1 Rh1+ 41. Kxh1 Qd1+ 42. Kh2 Qh5+ 43. Kg1 Qd1+ 44. Kh2 Qh5+ 45. Bh4 $1 Qxh4+ 46. Kg1 Nxe5 47. Qe8+ Kb7 48. h8=Q Qxh8 49. Qxh8) 40... Kb7 {[%emt 0:00:00] [#]} 41. Qb5+ $40 {[%emt 0:09:34][%mdl 128] Black needs to defend precisely.} (41. Nxe5 $142 $1 Rh1+ 42. Kxh1 Qc1+ 43. Kh2 Qf4+ 44. g3 Qxf2+ 45. Kh3 Qf1+ 46. Kg4 Nxe5+ 47. Kg5 Qc1+ 48. Kh5 Qd1+ 49. Kh6 Qd2+ 50. Kg7 Qxd3 51. Bh4) 41... Kc8 42. Qa6+ Kd7 43. Bxb4 {[%emt 0:06:17] White wants to mate with Nf6+.} Rh1+ 44. Kg3 {[%emt 0:00:34] Threatening mate with Nf6+.} c5 45. Qb7+ {[%emt 0:00:48] Weighted Error Value: White=0.30/Black=0.54} 1-0

[Event "AUT Bundesliga 2021-22"]
[Site "Graz"]
[Date "2022.04.21"]
[Round "9.8"]
[White "Markus, Robert"]
[Black "Blohberger, Felix"]
[Result "1-0"]
[ECO "E10"]
[WhiteElo "2625"]
[BlackElo "2503"]
[Annotator "TA"]
[PlyCount "99"]
[EventDate "2021.01.17"]
[EventType "team-tourn"]
[EventCountry "AUT"]
[SourceTitle "playchess.com"]
[Source "ChessBase"]
[SourceQuality "1"]
[TimeControl "40/5400+30:1800+30"]

1. d4 Nf6 2. c4 e6 3. Nf3 a6 4. Nc3 d5 5. c5 b6 6. cxb6 {[%emt 0:00:06] D37: Queen's Gambit Declined: 5 Bf4.} c5 (6... Nbd7 7. bxc7 Qxc7 8. Bd2 $14) 7. e3 Nbd7 8. Bd3 {[%emt 0:00:05] [#] The position is equal.} c4 $146 ({Predecessor:} 8... Qxb6 9. O-O Bd6 10. Na4 Qb8 11. Bd2 c4 12. Bc2 O-O 13. b3 cxb3 14. axb3 a5 {0-1 (39) Postny,E (2564)-Miljkovic,M (2470) Struga 2021}) 9. Bc2 Bb7 10. O-O Nxb6 11. Ne5 Be7 12. b3 cxb3 13. axb3 O-O 14. Ba3 Bxa3 15. Rxa3 Qd6 16. Ra2 Rfc8 17. Ne2 a5 18. Qa1 Nbd7 19. Bd3 Qb6 20. Nxd7 Nxd7 21. Rb1 g6 22. Nf4 Bc6 23. h4 Rcb8 24. Rc1 Rc8 25. Rac2 Bb7 26. Qa3 Rxc2 27. Rxc2 Rc8 $2 (27... Re8 $14) 28. Qe7 Rxc2 29. Bxc2 Bc6 {[%emt 0:02:19] [#]} 30. h5 $1 {[%emt 0:02:15][%cal Rc2g6] White threatens Bxg6! and mate.} Qb4 31. Qxb4 ({Better is} 31. Qd8+ $18 Kg7 32. Qg5 (32. h6+ Kxh6 33. g4 Kg7 $11)) 31... axb4 $16 32. hxg6 hxg6 $18 {[%emt 0:00:05][%mdl 4096] Endgame KBN-KBN} 33. Nd3 Bb5 34. Nxb4 Kf8 35. f3 Ke7 36. Kf2 Kd6 (36... Nb6 $142 37. g4 g5) 37. Bd3 $16 Bxd3 (37... Bc6 $16 {was called for.} 38. Nxc6 Kxc6) 38. Nxd3 {[%emt 0:00:04] KN-KN} g5 39. Ke2 {[%emt 0:01:51][%cal Od3e5] [#] aiming for Ne5!} f6 {[%emt 0:00:28] Inhibits Ne5.} 40. Kd2 Kc6 (40... Nf8 {is a better defense.} 41. b4 Ng6) 41. g4 $18 e5 (41... Nf8 $142 42. e4 dxe4 43. fxe4 Ng6) 42. Kc3 (42. dxe5 $142 fxe5 43. f4 exf4 44. exf4 gxf4 45. g5 (45. Nxf4 Ne5 $11)) 42... Kd6 43. Nf2 (43. dxe5+ $18 {is more deadly.} fxe5 44. Nf2) 43... Nf8 (43... exd4+ $16 44. exd4 (44. Kxd4 Ne5 $16) 44... Nf8) 44. dxe5+ fxe5 $2 (44... Kxe5 {is more resistant.} 45. b4 Ne6) 45. e4 {[%emt 0:00:23] White is clearly winning.} d4+ 46. Kc4 Ne6 47. Nd3 Nf8 48. Kb5 Ne6 49. b4 Nc7+ 50. Ka5 {[%emt 0:04:34] Weighted Error Value: White=0.18 (very precise) /Black=0.33} 1-0

[Event "AUT Bundesliga 2021-22"]
[Site "Graz"]
[Date "2022.04.21"]
[Round "9.10"]
[White "Mesaros, Florian"]
[Black "Peyrer, Konstantin"]
[Result "0-1"]
[ECO "E12"]
[WhiteElo "2419"]
[BlackElo "2301"]
[Annotator "TA"]
[PlyCount "68"]
[EventDate "2021.01.17"]
[EventType "team-tourn"]
[EventCountry "AUT"]
[SourceTitle "playchess.com"]
[Source "ChessBase"]
[SourceQuality "1"]
[TimeControl "40/5400+30:1800+30"]

1. d4 Nf6 2. c4 e6 3. Nf3 b6 4. a3 Ba6 5. Qc2 Bb7 6. Nc3 c5 7. e4 cxd4 8. Nxd4 Bc5 9. Nb3 Nc6 10. Bd3 Ng4 {[%emt 0:13:05] [#] E12: Queen's Indian: Unusual White 4th moves, 4 a3, 4 Nc3 Bb7 5 a3 and 4 Nc3 Bb7 .} 11. O-O $146 (11. Nxc5 bxc5 12. Qd1) ({Predecessor:} 11. Nxc5 bxc5 12. Nb5 O-O 13. Be2 Nf6 14. Bg5 a6 15. Nd6 Qc7 16. Bxf6 Qxd6 17. Rd1 Nd4 18. Bxd4 cxd4 {0-1 (41) Driessens,P (2276)-Berg,E (2574) Maastricht 2007}) 11... Qb8 {[%emt 0:12:44][%csl Gg4][%cal Rb8h2] [#]} 12. g3 h5 {[%emt 0:00:40][%cal Bh7h5,Bh5h4][%mdl 32] White is slightly better.} 13. Qe2 (13. Bf4 $14 Nge5 14. Be2 (14. Nxc5 bxc5 15. Bxe5 Qxe5 $11)) 13... Nge5 $11 14. Bf4 h4 15. Rad1 f6 (15... Be7 $15) 16. Nxc5 bxc5 17. Be3 (17. Bxe5 $11 Nxe5 18. f4 hxg3 19. fxe5 Qxe5 20. hxg3 Qxg3+ 21. Qg2 Qe3+ 22. Rf2) 17... Nd4 18. Bxd4 cxd4 19. Nb5 hxg3 20. fxg3 Nxd3 21. Rxd3 e5 {[%emt 0:01:57] [#] aiming for ...a6.} 22. c5 {[%emt 0:05:21] And now Nd6+ would win.} Ba6 $36 {[%emt 0:02:10][%mdl 2048] Black is more active.} 23. Nd6+ Kf8 (23... Ke7 $15 24. Nf5+ (24. Qg4 Qg8 $17) 24... Kd8) 24. Qg4 $2 {[%emt 0:02:54][%mdl 8192] Loses the game.} Bxd3 $19 ({Worse is} 24... Qxb2 25. Rf2 Qb1+ 26. Rd1 $11) 25. Qxd7 Qb3 {[%emt 0:01:08] Inhibits Qf7+.} 26. Nc8 (26. Rf2 $142 Bc4 27. Nc8 Qd1+ 28. Kg2) 26... Rh6 27. Qd8+ Kf7 28. Nd6+ Kg6 29. Qxa8 {[%emt 0:00:12][%cal Oa8c8] Threatens to win with Qc8!} Bxf1 {[%emt 0:00:43] Black mates.} 30. Nf5 Qf3 31. Ne7+ Kg5 32. h4+ Kg4 33. Qc8+ Kxg3 34. Nf5+ Kf4 {[%emt 0:00:05] Weighted Error Value: White=0.91/Black=0.37} 0-1

[Event "AUT Bundesliga 2021-22"]
[Site "Graz"]
[Date "2022.04.21"]
[Round "9.11"]
[White "Schneider-Zinner, Harald"]
[Black "Poetz, Florian"]
[Result "1/2-1/2"]
[ECO "A46"]
[WhiteElo "2370"]
[BlackElo "2424"]
[Annotator "TA"]
[PlyCount "121"]
[EventDate "2021.01.17"]
[EventType "team-tourn"]
[EventCountry "AUT"]
[SourceTitle "playchess.com"]
[Source "ChessBase"]
[SourceQuality "1"]
[TimeControl "40/5400+30:1800+30"]

1. d4 Nf6 2. Nf3 e6 3. g3 b5 4. e3 a6 5. a4 b4 6. Bg2 {[%emt 0:00:26] A46: 1 d4 Nf6 2 Nf3 e6: Torre, London and Colle Systems.} Bb7 7. O-O Be7 8. c4 {[%emt 0:01:12] The position is equal.} O-O 9. b3 d5 10. Nbd2 c5 11. Bb2 Nbd7 12. Rc1 Rc8 13. Qe2 {[%emt 0:03:42] [#]} cxd4 $146 ({Predecessor:} 13... dxc4 14. Nxc4 cxd4 15. Nxd4 Bxg2 16. Kxg2 Nc5 17. Rfd1 Qc7 18. Qf3 Nfe4 19. Nd2 Ng5 {1-0 (32) Berkes,F (2681)-Durakovic,A (2272) Schwarzach 2019}) 14. Nxd4 Nc5 15. Rfd1 Qb6 16. cxd5 Bxd5 17. Nc4 Qb8 18. Bxd5 Nxd5 19. Nf5 exf5 $17 20. Rxd5 Nxb3 21. Rcd1 Nc5 {[%emt 0:03:30] Prevents Rd7.} (21... Qc7 $17 22. Nd6 Bxd6 23. Rxd6 Qc2 24. Qxc2 Rxc2) 22. Be5 (22. a5 $11) 22... Qb7 $15 23. Nd6 Bxd6 24. Bxd6 Nxa4 25. Bxf8 Nc3 26. Qd3 ({Avoid the trap} 26. Qb2 $2 Rxf8 27. Qb3 Nxd5 28. Rxd5 Rc8 $19) 26... Qxd5 27. Bxb4 Qxd3 28. Rxd3 {[%emt 0:00:02][%mdl 4096] Endgame KRB-KRN} Ne4 29. f3 Ng5 30. Kf2 Rc2+ 31. Bd2 $1 {[%emt 0:00:31][%cal Rd3d8] [#]} h5 32. Ke2 Ne6 33. Rd5 g6 34. Kd3 ({White should play} 34. h4 $15) 34... Rc8 35. Ba5 Rc5 36. e4 fxe4+ 37. fxe4 f5 (37... Rb5 $15 {is superior.} 38. Bc3 Rb6) 38. Rd6 fxe4+ 39. Ke3 Rxa5 40. Rxe6 {[%emt 0:00:00] KR-KR} Kf7 41. Rxe4 Kf6 {[%emt 0:14:53] [#] aiming for ...Re5.} 42. Rc4 Re5+ 43. Kf3 g5 ({Better is} 43... Kf5 $17) 44. Rc6+ $11 Re6 45. Rc8 a5 46. Ra8 Re5 47. h3 Ke7 48. Ra7+ Kd6 {[%emt 0:00:29] ...Kc6 is the strong threat.} 49. Rh7 Kc5 {[%emt 0:00:37] Threatens to win with ...a4.} (49... a4 $5 50. Ra7 Rf5+ 51. Ke4 (51. Kg2 Ke6 $11) 51... Rc5 $11) 50. Rxh5 a4 {[%emt 0:00:04][%cal Og5g4] Strongly threatening ...g4+!} 51. Rh8 a3 52. h4 gxh4 $2 (52... g4+ $11 53. Kxg4 Kb4) 53. Rxh4 Kb5 {[%emt 0:00:42] Against Ra4. Mate.} 54. Kf4 Re1 55. Rh2 Kb4 56. g4 Kb3 57. g5 a2 58. Rxa2 Kxa2 59. Kf5 Rg1 60. g6 Rxg6 61. Kxg6 {[%mdl 32768] Weighted Error Value: White=0.12 (very precise) /Black=0.08 (flawless) . An unexpected result.} 1/2-1/2